 Dungeon Crawl Stone Soup version 0.29-a0-371-g91724d5b39 (webtiles) character file.

Game seed: 1401191009281186174

114 rgsnl the Vexing (level 4, 0/21 HPs)
             Began as a Spriggan Enchanter on May 3, 2022.
             Slain by an orc
             ... wielding a +0 short sword
              (6 damage)
             ... on level 3 of the Dungeon.
             The game lasted 00:05:35 (3330 turns).

rgsnl the Vexing (Spriggan Enchanter)               Turns: 3330, Time: 00:05:38

Health: 0/21       AC:  2    Str:  6    XL:     4   Next: 67%
Magic:  3/11       EV: 17    Int: 16    God:
Gold:   104        SH:  0    Dex: 15    Spells: 4/12 levels left

rFire   . . .      SeeInvis +   a - +2 dagger (freeze)
rCold   . . .      Faith    .   (no shield)
rNeg    . . .      Spirit   .   b - +0 robe
rPois   .          Reflect  .   (helmet restricted)
rElec   .          Harm     .   (no cloak)
rCorr   .          Rampage  .   (gloves unavailable)
Will    .....                   (boots unavailable)
Stlth   +++.......              (no amulet)
HPRegen 0.07/turn               (no ring)
MPRegen 0.12/turn               (no ring)

@: very slightly contaminated, very quick
A: very small, no large weapons, unfitting armour, see invisible, speed 3
a: no special abilities


You were on level 3 of the Dungeon.
You visited 1 branch of the dungeon, and saw 3 of its levels.

You collected 104 gold pieces.

Inventory:

Hand Weapons
 a - a +2 dagger of freezing (weapon)
Missiles
 j - 3 poisoned darts (quivered)
Armour
 b - a +0 robe (worn)
Scrolls
 d - 2 scrolls of teleportation
Potions
 c - 3 potions of invisibility
 f - a potion of heal wounds {unknown}
 k - a potion of curing
 l - a potion of degeneration {unknown}


   Skills:
 - Level 1.1 Short Blades
 - Level 2.6 Dodging
 - Level 4.4 Stealth
 + Level 4.7 Spellcasting
 + Level 5.3 Hexes


You had 4 spell levels left.
You knew the following spells:

 Your Spells              Type           Power      Damage    Failure   Level
a - Ensorcelled Hibernat  Hex/Ice        24%        N/A       8%          2
b - Tukima's Dance        Hex            20%        N/A       5%          3
d - Confusing Touch       Hex            20%        N/A       5%          3

Your spell library contained the following spells:

 Spells                   Type           Power      Damage    Failure   Level
 Summon Small Mammal      Summ           12%        N/A       16%         1
 Dazzling Flash           Conj/Hex       24%        N/A       16%         3
 Summon Guardian Golem    Hex/Summ       12%        N/A       16%         3
 Call Canine Familiar     Summ           3%         N/A       43%         3


Dungeon Overview and Level Annotations

Branches:
Dungeon (3/15)

Altars:
Kikubaaqudgha


Innate Abilities, Weirdness & Mutations

You are very small and have problems with some larger weapons.
You are too small for most types of armour.
You have supernaturally acute eyesight. (SInv)
You cover ground extremely quickly. (Speed+++)


Message History

Unknown command.
Casting: Ensorcelled Hibernation (safe; 9% risk of failure)
Confirm with . or Enter, or press ? or * to list all spells.
Aiming: Ensorcelled Hibernation (safe; 9% risk of failure)
Press: ? - help, Shift-Dir - straight line, f/p - orc priest
Aim: an orc priest, wielding a +0 short sword and wearing a +0 leather armour (heavily wounded, chance to affect: 45%)
Okay, then.
Unknown command.
Casting: Ensorcelled Hibernation (safe; 9% risk of failure)
Confirm with . or Enter, or press ? or * to list all spells.
Aiming: Ensorcelled Hibernation (safe; 9% risk of failure)
Press: ? - help, Shift-Dir - straight line, f/p - orc priest
Aim: an orc priest, wielding a +0 short sword and wearing a +0 leather armour (heavily wounded, chance to affect: 45%)
The orc priest looks drowsy...
Unknown command.
The helpless orc priest fails to defend itself.
You impale the orc priest!! You freeze the orc priest.
You kill the orc priest!
The orc throws a boomerang.
The boomerang misses you.
Casting: Ensorcelled Hibernation (safe; 8% risk of failure)
Confirm with . or Enter, or press ? or * to list all spells.
Aiming: Ensorcelled Hibernation (safe; 8% risk of failure)
Press: ? - help, Shift-Dir - straight line, f - orc
Aim: an orc, wielding a +0 short sword, wearing a +0 ring mail and quivering boomerangs (chance to affect: 63%)
The orc resists with significant effort.
Casting: Ensorcelled Hibernation (safe; 8% risk of failure)
Confirm with . or Enter, or press ? or * to list all spells.
Aiming: Ensorcelled Hibernation (safe; 8% risk of failure)
Press: ? - help, Shift-Dir - straight line, f/p - orc
Aim: an orc, wielding a +0 short sword, wearing a +0 ring mail and quivering boomerangs (chance to affect: 63%)
The orc resists with significant effort.
The orc closely misses you.
Casting: Ensorcelled Hibernation (safe; 8% risk of failure)
Confirm with . or Enter, or press ? or * to list all spells.
Aiming: Ensorcelled Hibernation (safe; 8% risk of failure)
Press: ? - help, Shift-Dir - straight line, f/p - orc
Aim: an orc, wielding a +0 short sword, wearing a +0 ring mail and quivering boomerangs (chance to affect: 63%)
You miscast Ensorcelled Hibernation.
Nothing appears to happen.
The orc hits you with a +0 short sword.
You die...

..................#..#
#######.###...........
#. ####..##.... #.
#.....# # #.#.#.### #
#.#...# #.##..#
#.##o.# # #..@#.# .#
#.#...#)#..####
#.....#........
#######.#........
.......<#........
#########...o####
..#..# ###..# ..#


You could see an orc.

Vanquished Creatures
  An orc priest (D:3)
  An orc wizard (D:3)
  An adder (D:2)
  4 worms
  A dart slug (D:1)
  An orc (D:3)
  4 ball pythons
  3 endoplasms
  A goblin (D:3)
  5 hobgoblins
  5 kobolds (D:1)
  A quokka (D:1)
  4 bats
  2 frilled lizards
  4 rats
38 creatures vanquished.

Notes
Turn   | Place    | Note
-------+----------+-------------------------------------------
     0 | D:1      | rgsnl the Spriggan Enchanter began the quest for the Orb.
     0 | D:1      | Reached XP level 1. HP: 9/9 MP: 5/5
   148 | D:1      | Reached skill level 4 in Hexes
   152 | D:1      | Reached XP level 2. HP: 13/13 MP: 7/7
   155 | D:1      | Learned a level 2 spell: Ensorcelled Hibernation
  1456 | D:2      | Reached XP level 3. HP: 7/16 MP: 1/9
  1922 | D:2      | Found an ancient bone altar of Kikubaaqudgha.
  2548 | D:2      | Learned a level 3 spell: Tukima's Dance
  2552 | D:2      | Learned a level 3 spell: Confusing Touch
  3311 | D:3      | Reached skill level 5 in Hexes
  3311 | D:3      | Reached XP level 4. HP: 21/21 MP: 7/11
  3330 | D:3      | Slain by an orc

Illustrated notes

Levels and vault maps discovered:
D:1:      minmay_arrival_diagonal_passages, layout_basic
D:2:      layout_basic, basic_altar
D:3:      layout_basic, mainiacjoe_overflow_24_doors, kennysheep_another_room,
          minivault_4, uniq_terence

Skill      XL: |  1  2  3 |
---------------+----------+-----
Spellcasting   | 3 4 |  4.7
Hexes          | 4 5 |  5.3
Short Blades   | |  1.1
Dodging        | |  2.6
Stealth        | |  4.4

Action                   |  1- 3 |  4- 6 || total
-------------------------+-------+-------++-------
Melee: Dagger            |   105 |     7 ||   112
       Punch             |     1 |       ||     1
 Cast: Ensorcelled Hiber |    18 |     5 ||    23
  Use: Scroll            |     7 |       ||     7
       Potion            |       |     2 ||     2
 Stab: Sleeping          |    16 |     1 ||    17
Armor: Robe              |     5 |       ||     5
Dodge: Dodged            |    84 |     8 ||    92

Table legend: (Time is in decaauts)
 A = Elapsed time spent in this place.
 B = Non-inter-level travel time spent in this place.
 C = Inter-level travel time spent in this place.
 D = Time resting spent in this place.
 E = Time spent auto-exploring this place.
 F = Levels seen in this place.
 G = Mean time per level.
                   A        B        C        D        E       F      G
               +--------+--------+--------+--------+--------+-----+--------+
         Total |   2685 |   2622 |     63 |    695 |   1592 |   3 |  895.0 |
       Dungeon |   2685 |   2622 |     63 |    695 |   1592 |   3 |  895.0 |
               +--------+--------+--------+--------+--------+-----+--------+

Top non-repeatable levels by time:
     D:1: 1183 daAuts
     D:2: 1019 daAuts
     D:3: 482 daAuts
